 Dungeon Crawl Stone Soup version 0.30-a0-721-ga6a225cb13 (webtiles) character file.

Game seed: 16577701084467503195

56 M4edhros the Insei (level 3, 0/26 HPs)
             Began as an Octopode Monk on Jan 27, 2023.
             Slain by Sigmund
             ... wielding a +0 scythe
              (7 damage)
             ... on level 3 of the Dungeon.
             The game lasted 00:00:26 (367 turns).

M4edhros the Insei (Octopode Monk)                   Turns: 367, Time: 00:00:27

Health: 0/26       AC:  1    Str: 10    XL:     3   Next: 97%
Magic:  3/3        EV: 14    Int: 12    God:
Gold:   23         SH:  0    Dex: 16    Spells: 2/2 levels left

rFire   . . .      SeeInvis .      - Unarmed
rCold   . . .      Faith    .    (no shield)
rNeg    . . .      Spirit   .    (helmet restricted)
rPois   .          Reflect  .    (no amulet)
rElec   .          Harm     .    (no ring)
rCorr   .          Rampage  .    (no ring)
Will    .....                    (no ring)
Stlth   ++                       (no ring)
HPRegen 0.24/turn                (no ring)
MPRegen 0.08/turn                (no ring)
                                 (no ring)
                                 (no ring)

@: confused
A: almost no armour, amphibious, 8 rings, camouflage 1, gelatinous body 1,
(nimble swimmer 1), tentacles
a: no special abilities


You were on level 3 of the Dungeon.
You visited 1 branch of the dungeon, and saw 3 of its levels.

You collected 23 gold pieces.

Inventory:

Jewellery
 e - an amulet of faith
Scrolls
 c - 2 scrolls of vulnerability {unknown}
 d - a scroll of enchant weapon {unknown}
Potions
 a - a potion of ambrosia
 b - a potion of mutation {unknown}


   Skills:
 - Level 3.0 Fighting
 - Level 3.0 Dodging
 - Level 2.6 Stealth
 + Level 4.7 Unarmed Combat


You had 2 spell levels left.
You didn't know any spells.
Your spell library was empty.

Dungeon Overview and Level Annotations

Branches:
Dungeon (3/15)

Altars:
Kikubaaqudgha

Annotations:
D:3 Sigmund


Innate Abilities, Weirdness & Mutations

You cannot wear most types of armour.
You are amphibious.
You can wear up to eight rings at the same time.
Your skin changes colour to match your surroundings (Stealth+).
Your rubbery body absorbs attacks. (AC +1, EV +1)
((You are camouflaged when in or above water. (Stealth+)))
You have tentacles for arms and can constrict up to eight enemies at once.


Message History

You bludgeon the gnoll! You grab the gnoll.
The gnoll is heavily wounded.
You constrict the gnoll. The gnoll closely misses you.
You tentacle-slap the gnoll.
You kill the gnoll!
No target in view!
No target in view!
No target in view!
e - an amulet of faith You open the door.
There is an open door here.
You open the door.
There is an open door here.
Found an escape hatch in the ceiling.
You open the door.
There is an open door here.
A frilled lizard comes into view.
A frilled lizard is nearby!
Sigmund the Dreaded comes into view.
He is wielding a +0 scythe.
Found a scroll labelled NUCUAP SA ITOD.
The helpless frilled lizard fails to defend itself.
You tentacle-slap the frilled lizard.
You kill the frilled lizard!
Found an ancient bone altar of Kikubaaqudgha.
Sigmund shouts!
You hear a shout!
Sigmund hits you with a +0 scythe!
You tentacle-slap Sigmund. Your grab misses Sigmund.
Your squeeze misses Sigmund.
Sigmund is lightly wounded.
You tentacle-slap Sigmund. You grab Sigmund.
Sigmund is moderately wounded.
You constrict Sigmund.
Sigmund points at you and mumbles some strange words.
You are confused.
You release your grip on Sigmund.
Sigmund casts a spell at you. The puff of flame hits you!
* * * LOW HITPOINT WARNING * * *
You're too confused to move!
Sigmund hits you with a +0 scythe!
You die...

..)####+#'##### ##..
#....<#.#.# .....
#######'#.# ##...
..........# P...###
####......# ...PP###
#......#### P.......
#.........###...PP_.
#............@.##
#<......#....@..#
#.......#.......#
#.......#.......#
#########.......#
#.......# #.....?.#
#########


You could see Sigmund.

Vanquished Creatures
  An adder (D:2)
  3 gnolls (D:3)
  A worm (D:2)
  4 endoplasms (D:2)
  A goblin (D:2)
  2 hobgoblins (D:2)
  A quokka (D:2)
  A ball python (D:2)
  A frilled lizard (D:3)
  2 rats (D:2)
17 creatures vanquished.

Notes
Turn   | Place    | Note
-------+----------+-------------------------------------------
     0 | D:1      | M4edhros the Octopode Monk began the quest for the Orb.
     0 | D:1      | Reached XP level 1. HP: 16/16 MP: 1/1
     7 | D:1      | You fall into a shaft and drop 1 floor!
    44 | D:2      | Reached XP level 2. HP: 16/21 MP: 2/2
   219 | D:2      | Reached skill level 4 in Unarmed Combat
   219 | D:2      | Reached XP level 3. HP: 16/26 MP: 3/3
   357 | D:3      | Noticed Sigmund
   362 | D:3      | Found an ancient bone altar of Kikubaaqudgha.
   367 | D:3      | Slain by Sigmund

Illustrated notes

Levels and vault maps discovered:
D:1:      lightli_arrival_farm, layout_basic
D:2:      layout_basic, minmay_pentomino_pile
D:3:      layout_basic, grunt_temple_overflow_growth_and_decay, uniq_jessica,
          uniq_sigmund

Skill      XL: |  1  2 |
---------------+-------+-----
Unarmed Combat | 4 |  4.7
Fighting       | |  3.0
Dodging        | |  3.0
Stealth        | |  2.6

Action                     || total
---------------------------++-------
  Melee: Unarmed           ||    32
         Constrict         ||    10
         Tentacles         ||     6
         Punch             ||     1
   Stab: Sleeping          ||     7
 Armour: Skin              ||     1
  Dodge: Dodged            ||    13

Table legend: (Time is in decaauts)
 A = Elapsed time spent in this place.
 B = Non-inter-level travel time spent in this place.
 C = Inter-level travel time spent in this place.
 D = Time resting spent in this place.
 E = Time spent auto-exploring this place.
 F = Levels seen in this place.
 G = Mean time per level.
                   A        B        C        D        E       F      G
               +--------+--------+--------+--------+--------+-----+--------+
         Total |    364 |    338 |     26 |      0 |    232 |   3 |  121.3 |
       Dungeon |    364 |    338 |     26 |      0 |    232 |   3 |  121.3 |
               +--------+--------+--------+--------+--------+-----+--------+

Top non-repeatable levels by time:
     D:2: 238 daAuts
     D:3: 119 daAuts
     D:1: 7 daAuts
